 Dungeon Crawl Stone Soup version 0.27-a0-1565-gad902ab807 (webtiles) character file.

Game seed: 5143778605067486982

49 elagabalus the Chucker (level 3, -1/37 HPs)
             Began as an Ogre Hunter on July 17, 2021.
             Slain by an orc priest (3 damage)
             ... on level 2 of the Dungeon.
             The game lasted 00:13:02 (877 turns).

elagabalus the Chucker (Ogre Hunter)                 Turns: 877, Time: 00:13:03

Health: -1/37      AC:  4    Str: 17    XL:     3   Next: 75%
Magic:  3/3        EV: 10    Int: 12    God:
Gold:   21         SH:  0    Dex:  9    Spells: 2/2 levels left

rFire    . . .     SeeInvis .   j - +0 whip
rCold    . . .     Faith    .   (no shield)
rNeg     . . .     Spirit   .   b - +0 robe
rPois    .         Reflect  .   (helmet restricted)
rElec    .         Harm     .   h - +0 cloak
rCorr    .         Rampage  .   (gloves unavailable)
Will     .....                  (boots unavailable)
Stlth    +.........             (no amulet)
HPRegen  0.12/turn              (no ring)
MPRegen  0.08/turn              (no ring)

@: no status effects
A: large, unfitting armour, tough skin 1
a: no special abilities


You were on level 2 of the Dungeon.
You visited 1 branch of the dungeon, and saw 2 of its levels.

You collected 21 gold pieces.

Inventory:

Hand Weapons
 j - a +0 whip (weapon)
Missiles
 d - a throwing net
 l - 21 stones (quivered)
Armour
 b - a +0 robe (worn)
 h - a +0 cloak (worn)
Scrolls
 a - a scroll of fear {unknown}
 e - 5 scrolls of identify {unknown}
 i - a scroll of amnesia {unknown}
 k - a scroll of silence {unknown}
Potions
 f - a potion of lignification {unknown}
 g - a potion of mutation {unknown}


   Skills:
 - Level 3.0 Fighting
 + Level 0.9 Maces & Flails
 * Level 4.8 Throwing
 - Level 2.0 Dodging
 - Level 1.0 Stealth


You had 2 spell levels left.
You didn't know any spells.
Your spell library was empty.

Dungeon Overview and Level Annotations

Branches:
Dungeon (2/15)

Altars:

Shops:
D:1 (


Innate Abilities, Weirdness & Mutations

You are too large for most types of armour.
You have tough skin. (AC +1)


Message History

The orc struggles against the net.
Throw: 24 stones
Press: ? - help, Q - select action, (/) - cycle Shift-Dir - straight line, f/p - orc
Aim: an orc, wielding a +0 trident (almost dead, entangled in a net, 89% to hit)
You throw a stone. The stone hits the orc.
You kill the orc!
Throw: 23 stones
Press: ? - help, Q - select action, (/) - cycle Shift-Dir - straight line, f - orc priest
Aim: an orc priest, wielding a +0 dagger (lightly wounded, 57% to hit)
You throw a stone.
The stone hits the orc priest but does no damage.
The orc priest is lightly wounded.
Throw: 22 stones
Press: ? - help, Q - select action, (/) - cycle Shift-Dir - straight line, f/p - orc priest
Aim: an orc priest, wielding a +0 dagger (lightly wounded, 57% to hit)
You throw a stone. The stone hits the orc priest.
The orc priest is lightly wounded.
You hit the orc priest but do no damage.
The orc priest is lightly wounded.
The orc priest barely misses you.
You closely miss the orc priest.
The orc priest is lightly wounded.
The orc priest hits you with a +0 dagger.
You hit the orc priest.
The orc priest is moderately wounded.
The orc priest mumbles some strange prayers to Beogh against you.
Beogh smites you!
* * * LOW HITPOINT WARNING * * *
You hit the orc priest.
The orc priest is heavily wounded.
The orc priest looks satisfied for a moment.
You hit the orc priest.
The orc priest is severely wounded.
The orc priest closely misses you.
The orc priest hits you with a +0 dagger.
* * * LOW HITPOINT WARNING * * *
You barely miss the orc priest.
The orc priest is severely wounded.
The orc priest hits you with a +0 dagger.
You die...

### ..# #.# ##### #.#
......##.###
.....o.)...#
.......#(#.#
..((...#o#.#
...(...#@#.#
.(.....#.#.#
(#####.#...# #.......##
#. #........# #.#
#.#### #........### ..
#.##..
#..........####.##.##..
######.....##..........
#.....##.##.#.....


You could see an orc priest.

Vanquished Creatures
  A dart slug (D:1)
  3 orcs (D:2)
  An endoplasm (D:1)
  A giant cockroach (D:1)
  3 hobgoblins (D:1)
  8 jackals
  3 quokkas
  3 ball pythons (D:1)
  4 bats
  4 frilled lizards
  2 goblins (D:1)
  4 kobolds
  A rat (D:1)
38 creatures vanquished.

Notes
Turn   | Place    | Note
-------+----------+-------------------------------------------
     0 | D:1      | elagabalus the Ogre Hunter began the quest for the Orb.
     0 | D:1      | Reached XP level 1. HP: 22/22 MP: 1/1
    58 | D:1      | Reached skill level 1 in Stealth
   116 | D:1      | Reached XP level 2. HP: 13/31 MP: 2/2
   358 | D:1      | Found Toiqej's Antique Weapon Boutique.
   533 | D:1      | Reached XP level 3. HP: 18/36 MP: 3/3
   877 | D:2      | Slain by an orc priest

Illustrated notes

Levels and vault maps discovered:
D:1:      ebering_trefoil_twist, layout_rooms, serial_shops,
          nicolae_diamond_shop, serial_rivers, chequers_serial_rivers_micro_c,
          chequers_serial_rivers_small_a, chequers_serial_rivers_micro_a,
          chequers_serial_rivers_room_a, chequers_serial_rivers_micro_c,
          chequers_serial_rivers_micro_a, minmay_tromino_v4_b
D:2:      layout_basic, serial_shops, shop, uniq_jessica

Skill      XL: |  1 |
---------------+----+-----
Stealth        | 1 |  1.0
Dodging        | 2 |  2.0
Fighting       | 3 |  3.0
Maces & Flails | |  0.9
Throwing       | |  4.8

Action                   || total
-------------------------++-------
Melee: Short sword       ||    33
       Whip              ||   123
       Mace              ||     6
Throw: Large rock        ||    19
       Stone             ||     5
       Throwing net      ||     1
 Stab: Sleeping          ||     1
Armor: Robe              ||    61
Dodge: Dodged            ||   112

Table legend: (Time is in decaauts)
 A = Elapsed time spent in this place.
 B = Non-inter-level travel time spent in this place.
 C = Inter-level travel time spent in this place.
 D = Time resting spent in this place.
 E = Time spent auto-exploring this place.
 F = Levels seen in this place.
 G = Mean time per level.
                   A        B        C        D        E       F      G
               +--------+--------+--------+--------+--------+-----+--------+
         Total |    907 |    487 |    420 |      0 |      0 |   2 |  453.5 |
       Dungeon |    907 |    487 |    420 |      0 |      0 |   2 |  453.5 |
               +--------+--------+--------+--------+--------+-----+--------+

Top non-repeatable levels by time:
     D:1: 773 daAuts
     D:2: 133 daAuts
